[Event "EYCC Open-U10 2019"]
[Site "Bratislava"]
[Date "2019.08.06"]
[Round "5.42"]
[White "Pereverzev, Timofei"]
[Black "Jalovec, Igor"]
[Result "1/2-1/2"]
[ECO "C58"]
[WhiteElo "1332"]
[BlackElo "1465"]
[Annotator "NA"]
[PlyCount "128"]
[EventDate "2019.08.02"]
[EventType "swiss"]
[EventCountry "SVK"]
[SourceTitle "playchess.com"]
[Source "ChessBase"]
[SourceQuality "1"]
[TimeControl "40/5400+30:1800+30"]

1. e4 e5 2. Nf3 Nc6 3. Bc4 Nf6 4. Ng5 d5 5. exd5 Na5 6. Bb5+ c6 7. dxc6 bxc6 8. Qf3 Be7 9. Bd3 O-O 10. Nc3 h6 11. Nge4 Nd5 12. Ng3 Nf4 13. Bf5 Bb7 14. Nge2 c5 15. Be4 Bxe4 16. Nxe4 f5 17. N4c3 Nxe2 18. Qxe2 Nc6 19. O-O f4 20. Qe4 Rc8 21. Nd5 Bd6 22. c3 Qe8 23. f3 Qh5 24. d3 Kh8 25. Bd2 Rf5 26. Rf2 Rff8 27. a3 Qf7 28. b4 Ne7 29. Nxe7 Qxe7 30. Rff1 Qf6 31. g3 Rce8 32. Kg2 Re7 33. c4 g5 34. g4 Rh7 35. h3 h5 36. Rh1 h4 37. Rhb1 Rd7 38. b5 Bc7 39. a4 Rd4 40. Qe2 Rfd8 41. Rb3 R8d7 42. Raa3 Qd8 43. Bc3 Re7 44. Bxd4 exd4 45. Qf2 Ba5 46. Ra2 Re3 47. Re2 Qd6 48. Kf1 Qe5 49. Rbb2 Kg7 50. Rxe3 fxe3 51. Qg2 Qf4 52. Ke2 Kf6 53. Rb1 Ke5 54. Rh1 Kf6 55. Rb1 Ke5 56. Ra1 Kf6 57. Rg1 Ke5 58. Qh1 Kf6 59. Rg2 Ke5 60. Qb1 Qf6 61. b6 Qxb6 62. Qb5 Qxb5 63. axb5 Kf4 64. Rg1 Bb6 1/2-1/2

[Event "EYCC Open-U10 2019"]
[Site "Bratislava"]
[Date "2019.08.06"]
[Round "5.43"]
[White "Rabinovich, Yoav"]
[Black "Qasem, Muhamad Mody"]
[Result "1-0"]
[ECO "D02"]
[WhiteElo "1193"]
[BlackElo "1400"]
[Annotator "NA"]
[PlyCount "125"]
[EventDate "2019.08.02"]
[EventType "swiss"]
[EventCountry "SVK"]
[SourceTitle "playchess.com"]
[Source "ChessBase"]
[SourceQuality "1"]
[TimeControl "40/5400+30:1800+30"]

1. d4 Nf6 2. Nf3 d5 3. Bf4 e6 4. e3 c5 5. Nbd2 Bd6 6. Bg3 Qc7 7. Be2 Nbd7 8. O-O O-O 9. Rc1 Bxg3 10. hxg3 e5 11. dxe5 Nxe5 12. c4 Nxf3+ 13. Bxf3 dxc4 14. Nxc4 Be6 15. b3 Rad8 16. Qc2 Nd5 17. Bxd5 Bxd5 18. Rfd1 Qe7 19. Nd2 b6 20. e4 Bb7 21. Re1 Qg5 22. Nf3 Qg6 23. Re3 Rfe8 24. Rce1 Rd7 25. Qc4 Red8 26. Ne5 Qf6 27. Nxd7 Rxd7 28. Rd3 Rc7 29. e5 Qe7 30. e6 h6 31. exf7+ Qxf7 32. Qxf7+ Kxf7 33. Rd8 Bc6 34. Rd3 a5 35. a3 b5 36. Rc3 Bd7 37. Rec1 b4 38. axb4 axb4 39. Rxc5 Rxc5 40. Rxc5 Be6 41. Rb5 Bxb3 42. Rxb4 Ba2 43. Kf1 Kf6 44. Ke2 Bd5 45. f3 g5 46. g4 Kg6 47. Ke3 Bf7 48. Rb6+ Kg7 49. Rb7 Kf6 50. Kd4 Be6 51. Rb6 Kf7 52. Rxe6 Kxe6 53. Ke4 Kf6 54. Kd5 Kg6 55. Ke6 h5 56. gxh5+ Kxh5 57. Kf5 g4 58. f4 Kh4 59. Kg6 g3 60. f5 Kg4 61. f6 Kf4 62. f7 Ke3 63. f8=Q 1-0

[Event "EYCC Open-U10 2019"]
[Site "Bratislava"]
[Date "2019.08.06"]
[Round "5.44"]
[White "Derbenev, Arseniy"]
[Black "Haubold, Christian Lucas"]
[Result "1-0"]
[ECO "C50"]
[WhiteElo "1219"]
[BlackElo "1429"]
[Annotator "NA"]
[PlyCount "73"]
[EventDate "2019.08.02"]
[EventType "swiss"]
[EventCountry "SVK"]
[SourceTitle "playchess.com"]
[Source "ChessBase"]
[SourceQuality "1"]
[TimeControl "40/5400+30:1800+30"]

1. e4 e5 2. Nf3 Nc6 3. Bc4 Bc5 4. Nc3 Nf6 5. d3 d6 6. Bg5 h6 7. Bxf6 Qxf6 8. Nd5 Qd8 9. h3 Be6 10. c3 a6 11. O-O O-O 12. b4 Ba7 13. a4 Nb8 14. Qb3 Qd7 15. Ne3 Bxe3 16. fxe3 Bxc4 17. Qxc4 b5 18. Qb3 Qc6 19. axb5 axb5 20. Rxa8 Qxa8 21. Nh4 d5 22. exd5 Qa7 23. d4 Kh7 24. Qc2+ Kg8 25. Qf5 f6 26. Qe6+ Kh7 27. Qe7 Nd7 28. Qxd7 Qb8 29. Qf5+ Kg8 30. Qg6 Kh8 31. Qg3 Kh7 32. Qg6+ Kh8 33. Rf3 Qc8 34. Nf5 Qd7 35. Rg3 Rf7 36. Nxh6 gxh6 37. Qg8# 1-0

[Event "EYCC Open-U10 2019"]
[Site "Bratislava"]
[Date "2019.08.06"]
[Round "5.45"]
[White "Romanov, Vladislav O."]
[Black "Klaska, Philipp Leon"]
[Result "1-0"]
[ECO "A13"]
[WhiteElo "1099"]
[BlackElo "1441"]
[Annotator "NA"]
[PlyCount "67"]
[EventDate "2019.08.02"]
[EventType "swiss"]
[EventCountry "SVK"]
[SourceTitle "playchess.com"]
[Source "ChessBase"]
[SourceQuality "1"]
[TimeControl "40/5400+30:1800+30"]

1. c4 e6 2. Nf3 d5 3. b3 Nf6 4. Bb2 c5 5. d3 Nc6 6. Nbd2 Be7 7. g3 b6 8. Bg2 Bb7 9. O-O O-O 10. a3 Qd7 11. Qc2 Rad8 12. Rad1 d4 13. Rfe1 Rfe8 14. h3 Bf8 15. Nf1 e5 16. e3 h6 17. Kh2 e4 18. dxe4 d3 19. Qc1 Nxe4 20. Kg1 f6 21. N1d2 Na5 22. Nxe4 Bxe4 23. Qc3 Bg6 24. Rd2 Be4 25. Red1 Bxf3 26. Bxf3 Qxh3 27. b4 Qf5 28. Bg2 cxb4 29. axb4 Bxb4 30. Qxb4 Qc5 31. Qxc5 bxc5 32. Rxd3 Rxd3 33. Rxd3 Nxc4 34. Bd5+ 1-0

[Event "EYCC Open-U10 2019"]
[Site "Bratislava"]
[Date "2019.08.06"]
[Round "5.46"]
[White "Tykheev, Aldar"]
[Black "Osadchy, Andrey K"]
[Result "1-0"]
[ECO "B43"]
[WhiteElo "1434"]
[BlackElo "1124"]
[Annotator "NA"]
[PlyCount "65"]
[EventDate "2019.08.02"]
[EventType "swiss"]
[EventCountry "SVK"]
[SourceTitle "playchess.com"]
[Source "ChessBase"]
[SourceQuality "1"]
[TimeControl "40/5400+30:1800+30"]

1. e4 c5 2. Nf3 e6 3. d4 cxd4 4. Nxd4 a6 5. Nc3 Qc7 6. Bd3 Nc6 7. Nxc6 bxc6 8. O-O d5 9. Be3 Qd7 10. Bf4 Qb7 11. Rb1 Nf6 12. Re1 Be7 13. e5 Nd7 14. Qg4 Bf8 15. Bg3 g6 16. h4 h5 17. Qh3 Bg7 18. Bxg6 fxg6 19. Qxe6+ Kd8 20. Bf4 Bf8 21. Qxg6 Be7 22. Bg5 Bxg5 23. hxg5 Re8 24. f4 Qb6+ 25. Kh1 Bb7 26. e6 Qf2 27. Qf7 Re7 28. Qf5 Kc7 29. Qh3 Qxf4 30. exd7 Rxe1+ 31. Rxe1 Qxg5 32. Na4 Qd2 33. Qg3+ 1-0

[Event "EYCC Open-U10 2019"]
[Site "Bratislava"]
[Date "2019.08.06"]
[Round "5.47"]
[White "Gkogkas, Panteleimon"]
[Black "Blumenthal, Michael"]
[Result "0-1"]
[ECO "B23"]
[WhiteElo "1081"]
[BlackElo "1311"]
[Annotator "NA"]
[PlyCount "105"]
[EventDate "2019.08.02"]
[EventType "swiss"]
[EventCountry "SVK"]
[SourceTitle "playchess.com"]
[Source "ChessBase"]
[SourceQuality "1"]
[TimeControl "40/5400+30:1800+30"]

1. e4 c5 2. Nc3 Nc6 3. Bc4 g6 4. f4 Bg7 5. Nf3 e6 6. f5 Nge7 7. f6 Bxf6 8. d3 Bg7 9. O-O O-O 10. Qe1 d5 11. Bb3 Nd4 12. Qh4 Nxb3 13. axb3 d4 14. Ne2 Nc6 15. Qf2 e5 16. Ng3 Qe8 17. Nd2 f5 18. Qe1 f4 19. Ne2 Nb4 20. Qd1 g5 21. g3 Bg4 22. gxf4 Bxe2 23. Qxe2 Nxc2 24. Ra5 b6 25. Ra4 gxf4 26. Kh1 Ne3 27. Rg1 Kh8 28. Nf3 Bf6 29. Bxe3 fxe3 30. Raa1 Qf7 31. Raf1 Qxb3 32. Ng5 Bxg5 33. Rxf8+ Rxf8 34. Rxg5 Rf2 35. Qh5 Rf1+ 36. Rg1 Rxg1+ 37. Kxg1 Qg8+ 38. Kh1 Qe6 39. Qg5 h6 40. Qd8+ Kg7 41. Qh4 Qf7 42. Qg4+ Kh7 43. Qg2 Qf2 44. Qxf2 exf2 45. Kg2 f1=Q+ 46. Kxf1 Kg6 47. Kg2 Kg5 48. Kg3 Kh5 49. Kf3 Kh4 50. Kf2 b5 51. b3 a5 52. Ke2 Kh3 53. Kf3 0-1

[Event "EYCC Open-U10 2019"]
[Site "Bratislava"]
[Date "2019.08.06"]
[Round "5.48"]
[White "Udipi, Kala Kishan"]
[Black "Dotzer, Lukas"]
[Result "1/2-1/2"]
[ECO "D02"]
[WhiteElo "1732"]
[BlackElo "1070"]
[Annotator "NA"]
[PlyCount "62"]
[EventDate "2019.08.02"]
[EventType "swiss"]
[EventCountry "SVK"]
[SourceTitle "playchess.com"]
[Source "ChessBase"]
[SourceQuality "1"]
[TimeControl "40/5400+30:1800+30"]

1. d4 d5 2. Nf3 Nf6 3. Bf4 e6 4. e3 c5 5. c3 Nc6 6. Bd3 Bd6 7. Bg3 O-O 8. Nbd2 Re8 9. Ne5 Qc7 10. f4 Ne7 11. Bh4 Ng6 12. Bg3 Nd7 13. O-O Ndf8 14. Qh5 f5 15. Ndf3 c4 16. Bc2 a6 17. Nxg6 hxg6 18. Qh3 b5 19. Ne5 a5 20. Be1 Bxe5 21. fxe5 Bd7 22. Qg3 Reb8 23. a3 Qd8 24. h4 Be8 25. Qf3 Nh7 26. g4 Ra7 27. g5 Qe7 28. Bd2 Rbb7 29. Rf2 Nf8 30. Rg2 Nd7 31. Rf1 Nb8 1/2-1/2

[Event "EYCC Open-U10 2019"]
[Site "Bratislava"]
[Date "2019.08.07"]
[Round "6.1"]
[White "Vetokhin, Savva"]
[Black "Samunenkov, Ihor"]
[Result "1-0"]
[ECO "B36"]
[WhiteElo "1954"]
[BlackElo "1985"]
[Annotator "NA"]
[PlyCount "107"]
[EventDate "2019.08.02"]
[EventType "swiss"]
[EventCountry "SVK"]
[SourceTitle "playchess.com"]
[Source "ChessBase"]
[SourceQuality "1"]
[TimeControl "40/5400+30:1800+30"]

1. e4 c5 2. Nf3 Nc6 3. d4 cxd4 4. Nxd4 g6 5. c4 Nf6 6. Nc3 Nxd4 7. Qxd4 d6 8. Be2 Bg7 9. Be3 O-O 10. Qd2 Qa5 11. Rc1 Be6 12. f3 Rfc8 13. b3 a6 14. Na4 Qxd2+ 15. Kxd2 Nd7 16. g4 f5 17. exf5 gxf5 18. h3 Rf8 19. f4 d5 20. cxd5 Bxd5 21. Rhd1 Rac8 22. Ke1 e6 23. Rxc8 Rxc8 24. gxf5 b5 25. Nb6 Nxb6 26. Bxb6 Rf8 27. Bg4 exf5 28. Bh5 Bc6 29. Bd4 Rd8 30. Bxg7 Rxd1+ 31. Kxd1 Kxg7 32. b4 Kf6 33. Kd2 Ke6 34. Ke3 Be4 35. Kd4 Kd6 36. Bf7 Bc2 37. Bd5 Bb1 38. a3 Bc2 39. Bb7 Bb3 40. Bxa6 Ba4 41. Bb7 Kc7 42. Bf3 Kd6 43. Be2 h6 44. Bd3 h5 45. Bxf5 h4 46. Bd3 Ke6 47. Kc5 Bd1 48. Kxb5 Bf3 49. Bf1 Kf5 50. a4 Kxf4 51. a5 Kg3 52. a6 Kf2 53. Bd3 Kg3 54. Bf5 1-0

[Event "EYCC Open-U10 2019"]
[Site "Bratislava"]
[Date "2019.08.07"]
[Round "6.2"]
[White "Azadaliyev, Jahandar"]
[Black "Finek, Vaclav"]
[Result "1/2-1/2"]
[ECO "D45"]
[WhiteElo "1905"]
[BlackElo "2043"]
[Annotator "NA"]
[PlyCount "112"]
[EventDate "2019.08.02"]
[EventType "swiss"]
[EventCountry "SVK"]
[SourceTitle "playchess.com"]
[Source "ChessBase"]
[SourceQuality "1"]
[TimeControl "40/5400+30:1800+30"]

1. d4 d5 2. c4 c6 3. e3 Nf6 4. Nf3 e6 5. Nc3 Bd6 6. Qc2 Nbd7 7. Bd3 O-O 8. O-O dxc4 9. Bxc4 b5 10. Be2 Bb7 11. e4 e5 12. Rd1 Qc7 13. dxe5 Nxe5 14. Nd4 Bc5 15. h3 a6 16. Nb3 Bb6 17. Bg5 Ng6 18. Bxf6 gxf6 19. Nd4 Rad8 20. Nf5 Qf4 21. Bg4 Bc8 22. g3 Qc7 23. Kg2 Bxf5 24. Bxf5 Kh8 25. Rac1 Qe5 26. Ne2 c5 27. f4 Qe7 28. Nc3 Rg8 29. Kf3 c4 30. Nd5 Qc5 31. b4 Qc6 32. Bxg6 fxg6 33. Ne7 Qe6 34. Nxg8 Rxg8 35. Qc3 Re8 36. Re1 Kg8 37. g4 g5 38. Rcd1 gxf4 39. Rd5 Be3 40. Qc2 c3 41. a4 bxa4 42. Ra1 Bd2 43. Rxa4 Kh8 44. Qd3 Qb6 45. Rc5 a5 46. Qd7 Rd8 47. Qc6 Qxc6 48. Rxc6 axb4 49. Rxb4 c2 50. Rbc4 c1=Q 51. Rxc1 Bxc1 52. Rxc1 Rd3+ 53. Kxf4 Rxh3 54. Rc7 Kg8 55. g5 fxg5+ 56. Kxg5 Rf3 {Kf4 Rxf4} 1/2-1/2

[Event "EYCC Open-U10 2019"]
[Site "Bratislava"]
[Date "2019.08.07"]
[Round "6.3"]
[White "Materia, Marco"]
[Black "Warchol, Kamil"]
[Result "1/2-1/2"]
[ECO "D27"]
[WhiteElo "2243"]
[BlackElo "1573"]
[Annotator "NA"]
[PlyCount "118"]
[EventDate "2019.08.02"]
[EventType "swiss"]
[EventCountry "SVK"]
[SourceTitle "playchess.com"]
[Source "ChessBase"]
[SourceQuality "1"]
[TimeControl "40/5400+30:1800+30"]

1. d4 d5 2. c4 dxc4 3. e3 Nf6 4. Bxc4 e6 5. Nf3 c5 6. O-O a6 7. a4 Nc6 8. Qe2 cxd4 9. Rd1 Be7 10. exd4 O-O 11. Nc3 Nb4 12. Ne5 Bd7 13. d5 exd5 14. Nxd5 Nbxd5 15. Bxd5 Nxd5 16. Rxd5 Bg4 17. Qc4 Qxd5 18. Qxd5 Rad8 19. Qb3 Rd1+ 20. Qxd1 Bxd1 21. Bg5 Bxg5 22. Rxd1 Rc8 23. g3 Bf6 24. Nd3 Kf8 25. b3 Rc3 26. b4 Be7 27. Nf4 Rc4 28. Nd5 Bxb4 29. Nb6 Rc6 30. Rd8+ Ke7 31. Rd7+ Ke8 32. Rxb7 Rc1+ 33. Kg2 Bc5 34. Rb8+ Ke7 35. Nd5+ Kd7 36. Nf4 Bd6 37. Rb6 Bxf4 38. gxf4 Rc6 39. Rb7+ Ke6 40. Ra7 g6 41. Kg3 h5 42. Kf3 f6 43. Kg3 Kf5 44. h4 Rc3+ 45. Kg2 Rc6 46. Kf3 g5 47. fxg5 fxg5 48. hxg5 Kxg5 49. Kg3 Rc3+ 50. Kg2 Rc6 51. Kg3 Rg6 52. a5 Rc6 53. Ra8 Rf6 54. Rg8+ Rg6 55. f4+ Kf5+ 56. Rxg6 Kxg6 57. Kh4 Kf5 58. Kxh5 Kxf4 59. Kh4 Ke5 1/2-1/2

[Event "EYCC Open-U10 2019"]
[Site "Bratislava"]
[Date "2019.08.07"]
[Round "6.4"]
[White "Ermitsch, Magnus"]
[Black "Usov, Aleksandr E."]
[Result "0-1"]
[ECO "B10"]
[WhiteElo "1750"]
[BlackElo "1809"]
[Annotator "NA"]
[PlyCount "60"]
[EventDate "2019.08.02"]
[EventType "swiss"]
[EventCountry "SVK"]
[SourceTitle "playchess.com"]
[Source "ChessBase"]
[SourceQuality "1"]
[TimeControl "40/5400+30:1800+30"]

1. e4 c6 2. Nc3 d5 3. Nf3 dxe4 4. Nxe4 Nf6 5. Qe2 Nxe4 6. Qxe4 Qd5 7. Qf4 Qe6+ 8. Be2 Qd6 9. Qe3 Bf5 10. O-O e6 11. Nd4 Bg6 12. b3 Nd7 13. Bb2 Be7 14. f4 O-O-O 15. a4 Qc7 16. b4 Bxb4 17. Rfb1 Nf6 18. Nf3 Qe7 19. Ba3 Bxa3 20. Rxa3 c5 21. Ne5 Nd5 22. Qb3 Nb4 23. Rb2 Rxd2 24. Qc4 Rd4 25. Qc3 Rhd8 26. Rab3 Qc7 27. Nd3 Bxd3 28. cxd3 Rxf4 29. g3 Rfd4 30. Kg2 f5 0-1

[Event "EYCC Open-U10 2019"]
[Site "Bratislava"]
[Date "2019.08.07"]
[Round "6.5"]
[White "Giang, Tran Nam"]
[Black "Golovchenko, Bogdan"]
[Result "0-1"]
[ECO "B92"]
[WhiteElo "1931"]
[BlackElo "1723"]
[Annotator "NA"]
[PlyCount "110"]
[EventDate "2019.08.02"]
[EventType "swiss"]
[EventCountry "SVK"]
[SourceTitle "playchess.com"]
[Source "ChessBase"]
[SourceQuality "1"]
[TimeControl "40/5400+30:1800+30"]

1. e4 c5 2. Nf3 d6 3. d4 cxd4 4. Nxd4 Nf6 5. Nc3 a6 6. Be2 g6 7. Be3 Bg7 8. O-O O-O 9. f4 Nc6 10. Kh1 Bd7 11. Qd2 b5 12. Bf3 Rc8 13. Nxc6 Bxc6 14. g4 b4 15. Nd5 Nxd5 16. exd5 Bb5 17. Rf2 Bxb2 18. Rg1 Bc3 19. Qd1 Qa5 20. Be4 Qxa2 21. Qf3 a5 22. f5 Qa3 23. Bc1 Bb2 24. Bxb2 Qxb2 25. c4 Qe5 26. cxb5 Rc3 27. Qf4 Qxf4 28. Rxf4 g5 29. Rf3 Rc5 30. Bd3 Rxd5 31. Ra1 b3 32. Bc4 b2 33. Rb1 Rc5 34. Bd3 Rc1+ 35. Kg2 Rxb1 36. Bxb1 a4 37. Ra3 Rb8 38. Rxa4 Rxb5 39. Re4 Kf8 40. Kf2 d5 41. Rd4 e5 42. fxe6 fxe6 43. Ke2 e5 44. Rd2 e4 45. Ke3 Ke7 46. Kd4 Kd6 47. Kc3 Ke5 48. Rxb2 Rxb2 49. Kxb2 d4 50. Kc2 Kf4 51. Kd1 d3 52. Kd2 Kf3 53. h3 Kf2 54. Kd1 h6 55. Kc1 Ke1 0-1

[Event "EYCC Open-U10 2019"]
[Site "Bratislava"]
[Date "2019.08.07"]
[Round "6.6"]
[White "Navoyan, Gagik"]
[Black "Zverev, Lev"]
[Result "1/2-1/2"]
[ECO "D30"]
[WhiteElo "1670"]
[BlackElo "1849"]
[Annotator "NA"]
[PlyCount "134"]
[EventDate "2019.08.02"]
[EventType "swiss"]
[EventCountry "SVK"]
[SourceTitle "playchess.com"]
[Source "ChessBase"]
[SourceQuality "1"]
[TimeControl "40/5400+30:1800+30"]

1. d4 d5 2. c4 e6 3. Nf3 c6 4. Qc2 Nf6 5. g3 Be7 6. Bg2 O-O 7. O-O b6 8. Nbd2 Bb7 9. e4 Na6 10. a3 c5 11. exd5 exd5 12. Rd1 Qc8 13. b3 Nc7 14. Bb2 Ne6 15. Rac1 cxd4 16. Nxd4 Nxd4 17. Bxd4 Bxa3 18. Rb1 Be7 19. Re1 Qc7 20. Be5 Qd7 21. Rbd1 Qc8 22. Ba1 Re8 23. Bxf6 gxf6 24. h4 Qc7 25. Qf5 Bc5 26. cxd5 Rxe1+ 27. Rxe1 Qxg3 28. Ne4 Qg7 29. Nxf6+ Kh8 30. Nh5 Qc3 31. Re5 Qc1+ 32. Kh2 Qh6 33. Re4 Bd6+ 34. f4 Rf8 35. Qf6+ Qxf6 36. Nxf6 Rd8 37. Kg3 Kg7 38. Re8 Bc7 39. Rxd8 Bxd8 40. Ne8+ Kf8 41. Nd6 Ba6 42. Be4 h6 43. Nf5 h5 44. Nd4 Bb7 45. Nc6 Bxc6 46. dxc6 Kg7 47. Bf3 Kg6 48. Be2 a5 49. Bd3+ Kf6 50. Be2 Kg6 51. f5+ Kxf5 52. Bxh5 Ke6 53. Kg4 b5 54. Kf4 Bc7+ 55. Ke4 f5+ 56. Kd4 Bb6+ 57. Kc3 Bd8 58. Bg6 Bxh4 59. Bxf5+ Kd6 60. Bd7 Bf6+ 61. Kc2 Be5 62. Be8 Kc5 63. Kb1 Bc7 64. Kc2 Kb4 65. Kb2 Bd6 66. Ka2 Be5 67. Bd7 Bd6 1/2-1/2

[Event "EYCC Open-U10 2019"]
[Site "Bratislava"]
[Date "2019.08.07"]
[Round "6.7"]
[White "Kononenko, Vladimir"]
[Black "Medhus, Vitus Bondo"]
[Result "1-0"]
[ECO "A57"]
[WhiteElo "1667"]
[BlackElo "1704"]
[Annotator "NA"]
[PlyCount "71"]
[EventDate "2019.08.02"]
[EventType "swiss"]
[EventCountry "SVK"]
[SourceTitle "playchess.com"]
[Source "ChessBase"]
[SourceQuality "1"]
[TimeControl "40/5400+30:1800+30"]

1. d4 Nf6 2. c4 c5 3. d5 b5 4. cxb5 a6 5. b6 d6 6. Nc3 g6 7. e4 Bg7 8. Nf3 Qxb6 9. Be2 O-O 10. O-O Bg4 11. Nd2 Bxe2 12. Qxe2 Nbd7 13. f4 Rfb8 14. Nc4 Qc7 15. e5 Ne8 16. e6 Nf8 17. f5 fxe6 18. fxe6 Nf6 19. a4 Qb7 20. Rd1 h6 21. h4 N8h7 22. a5 Rf8 23. Nb6 Rad8 24. Qd3 g5 25. Qg6 Ng4 26. hxg5 hxg5 27. Bd2 Kh8 28. Ne4 Bd4+ 29. Kh1 Nf2+ 30. Nxf2 Bxf2 31. Bc3+ Bd4 32. Rxd4 cxd4 33. Bxd4+ Nf6 34. Ra3 g4 35. Rg3 Qc7 36. Qh6+ 1-0

[Event "EYCC Open-U10 2019"]
[Site "Bratislava"]
[Date "2019.08.07"]
[Round "6.8"]
[White "Gal, Andrej"]
[Black "kiladze, Luka"]
[Result "1/2-1/2"]
[ECO "A45"]
[WhiteElo "1705"]
[BlackElo "1683"]
[Annotator "NA"]
[PlyCount "111"]
[EventDate "2019.08.02"]
[EventType "swiss"]
[EventCountry "SVK"]
[SourceTitle "playchess.com"]
[Source "ChessBase"]
[SourceQuality "1"]
[TimeControl "40/5400+30:1800+30"]

1. d4 Nf6 2. Bf4 g6 3. e3 Bg7 4. Nf3 O-O 5. h3 d5 6. c4 c5 7. Be2 Qb6 8. Qb3 cxd4 9. exd4 dxc4 10. Qxb6 axb6 11. Bxc4 Nc6 12. Nc3 Nb4 13. O-O Bf5 14. Rfd1 Rac8 15. b3 Rfd8 16. g4 Be4 17. Nxe4 Nxe4 18. a3 Nc2 19. Rac1 Nxa3 20. Bd3 Nc3 21. Rd2 Nab5 22. Rdc2 Rc6 23. Bxb5 Nxb5 24. Rxc6 bxc6 25. Rxc6 Nxd4 26. Nxd4 Bxd4 27. Rc7 Bc5 28. Rb7 Rd1+ 29. Kg2 Rb1 30. Bh6 f6 31. Rb8+ Kf7 32. Rh8 g5 33. h4 gxh4 34. Rxh7+ Kg6 35. Rh8 Rb2 36. b4 Bxb4 37. Be3 Bc5 38. Bxc5 bxc5 39. Rxh4 Kg5 40. Rh5+ Kxg4 41. Rxc5 f5 42. Re5 Rb7 43. Ra5 Rb4 44. Re5 Rb7 45. Ra5 Kg5 46. Ra8 e5 47. Rg8+ Kf4 48. Ra8 e4 49. Ra4 Rb2 50. Rc4 Kg5 51. Kf1 Kf6 52. f3 exf3 53. Rf4 Rb1+ 54. Kf2 Ke5 55. Rxf3 f4 56. Ra3 1/2-1/2

[Event "EYCC Open-U10 2019"]
[Site "Bratislava"]
[Date "2019.08.07"]
[Round "6.10"]
[White "Csernyik, Mark"]
[Black "Royal, Shreyas"]
[Result "0-1"]
[ECO "C54"]
[WhiteElo "1648"]
[BlackElo "1996"]
[Annotator "NA"]
[PlyCount "102"]
[EventDate "2019.08.02"]
[EventType "swiss"]
[EventCountry "SVK"]
[SourceTitle "playchess.com"]
[Source "ChessBase"]
[SourceQuality "1"]
[TimeControl "40/5400+30:1800+30"]

1. e4 e5 2. Nf3 Nc6 3. d4 exd4 4. c3 Bc5 5. Bc4 Nf6 6. e5 d5 7. Bb5 Ne4 8. cxd4 Bb6 9. h3 O-O 10. O-O f6 11. Bxc6 bxc6 12. Be3 f5 13. Nc3 f4 14. Bd2 g5 15. Qe2 Bf5 16. Nh2 Bxd4 17. Nxe4 dxe4 18. Bb4 Re8 19. Rad1 Qd5 20. Qh5 Qxe5 21. Qxg5+ Bg6 22. Qxe5 Bxe5 23. b3 e3 24. fxe3 fxe3 25. Rde1 Bg3 26. Ng4 Bxe1 27. Bxe1 Rf8 28. Nf6+ Kg7 29. Bc3 Kh6 30. h4 e2 31. Rf4 Rae8 32. Kf2 e1=Q+ 33. Bxe1 Rxe1 34. Ng4+ Kg7 35. Rxf8 Re4 36. Rc8 Rxg4 37. Rxc7+ Bf7 38. g3 a5 39. Rxc6 Rg6 40. Rc5 Ra6 41. Rg5+ Kf6 42. Rg4 a4 43. Rxa4 Rxa4 44. bxa4 Kf5 45. a3 Bd5 46. a5 Kg4 47. Ke3 h5 48. Kd4 Bg2 49. a6 Kxg3 50. Kc5 Kxh4 51. Kb6 Kg3 0-1

[Event "EYCC Open-U10 2019"]
[Site "Bratislava"]
[Date "2019.08.07"]
[Round "6.11"]
[White "Salinas Tomas, Daniel"]
[Black "Deladerriere, Apollo"]
[Result "1-0"]
[ECO "C11"]
[WhiteElo "2001"]
[BlackElo "1696"]
[Annotator "NA"]
[PlyCount "73"]
[EventDate "2019.08.02"]
[EventType "swiss"]
[EventCountry "SVK"]
[SourceTitle "playchess.com"]
[Source "ChessBase"]
[SourceQuality "1"]
[TimeControl "40/5400+30:1800+30"]

1. e4 e6 2. Nc3 d5 3. Nf3 Nf6 4. e5 Nfd7 5. d4 c5 6. dxc5 Nc6 7. Bf4 Bxc5 8. Bd3 f6 9. exf6 Nxf6 10. Qe2 O-O 11. O-O-O Bd7 12. h4 a6 13. Ne5 Nxe5 14. Bxe5 b5 15. a3 Qb6 16. Rhf1 Be8 17. g4 Nd7 18. Bg3 Bd4 19. Qd2 Bxc3 20. Qxc3 Nc5 21. Be5 Nxd3+ 22. Qxd3 Rxf2 23. Bd4 Rxc2+ 24. Qxc2 Qd8 25. Bc5 Bg6 26. Qf2 Rc8 27. h5 d4 28. b4 Qg5+ 29. Kb2 Bf5 30. gxf5 exf5 31. Qxf5 Qg2+ 32. Rf2 Qa8 33. Qf7+ Kh8 34. Rg1 Rg8 35. h6 Qf8 36. Qxf8 g5 37. Bxd4# 1-0

[Event "EYCC Open-U10 2019"]
[Site "Bratislava"]
[Date "2019.08.07"]
[Round "6.12"]
[White "Grabs, Peter"]
[Black "Toktomushev, Teimur"]
[Result "0-1"]
[ECO "B31"]
[WhiteElo "1638"]
[BlackElo "1977"]
[Annotator "NA"]
[PlyCount "50"]
[EventDate "2019.08.02"]
[EventType "swiss"]
[EventCountry "SVK"]
[SourceTitle "playchess.com"]
[Source "ChessBase"]
[SourceQuality "1"]
[TimeControl "40/5400+30:1800+30"]

1. e4 c5 2. Nf3 Nc6 3. Bb5 g6 4. O-O Bg7 5. Re1 Nf6 6. c3 O-O 7. d4 cxd4 8. cxd4 d6 9. Nc3 Bg4 10. Be3 a6 11. Bf1 e5 12. d5 Ne7 13. h3 Bxf3 14. Qxf3 Nd7 15. Qd1 f5 16. f3 f4 17. Bf2 Nc5 18. b4 Nd7 19. a4 a5 20. b5 Nc8 21. Nb1 Bf6 22. Nd2 Bh4 23. Nb3 Bxf2+ 24. Kxf2 Qb6+ 25. Ke2 Qe3# 0-1

[Event "EYCC Open-U10 2019"]
[Site "Bratislava"]
[Date "2019.08.07"]
[Round "6.13"]
[White "Hvozdz, Aliaksandr"]
[Black "Helms, Finn"]
[Result "0-1"]
[ECO "B15"]
[WhiteElo "1699"]
[BlackElo "1787"]
[Annotator "NA"]
[PlyCount "70"]
[EventDate "2019.08.02"]
[EventType "swiss"]
[EventCountry "SVK"]
[SourceTitle "playchess.com"]
[Source "ChessBase"]
[SourceQuality "1"]
[TimeControl "40/5400+30:1800+30"]

1. e4 c6 2. d4 d5 3. Nc3 dxe4 4. Nxe4 Nf6 5. Nxf6+ exf6 6. c3 Bd6 7. Bd3 O-O 8. Qc2 g6 9. Bh6 Re8+ 10. Ne2 Be6 11. O-O Nd7 12. Nf4 f5 13. Nxe6 Rxe6 14. f4 Nf6 15. Bg5 Qe7 16. Qd2 Re8 17. g3 Kg7 18. Bxf6+ Qxf6 19. Rae1 Qe7 20. Rxe6 Qxe6 21. b3 c5 22. Kf2 cxd4 23. cxd4 Bb4 24. Qe2 Qd7 25. Qb2 Rc8 26. d5+ Bc3 27. Qe2 Qxd5 28. Bc4 Bd4+ 29. Ke1 Qa5+ 30. Kd1 Rd8 31. Kc1 Qc3+ 32. Qc2 Qa1+ 33. Kd2 Bc5+ 34. Ke2 Qd4 35. Qc1 Qe4+ 0-1

[Event "EYCC Open-U10 2019"]
[Site "Bratislava"]
[Date "2019.08.07"]
[Round "6.14"]
[White "Zienkiewicz, Jan"]
[Black "Villa Tornero, Alex"]
[Result "1-0"]
[ECO "B01"]
[WhiteElo "1804"]
[BlackElo "1641"]
[Annotator "NA"]
[PlyCount "71"]
[EventDate "2019.08.02"]
[EventType "swiss"]
[EventCountry "SVK"]
[SourceTitle "playchess.com"]
[Source "ChessBase"]
[SourceQuality "1"]
[TimeControl "40/5400+30:1800+30"]

1. e4 d5 2. exd5 Qxd5 3. Nc3 Qd6 4. d4 Nf6 5. Nf3 a6 6. Bd3 Bg4 7. h3 Bh5 8. O-O Nc6 9. Ne4 Qd7 10. c3 e6 11. Re1 O-O-O 12. a4 e5 13. Ng3 Bg6 14. Bxg6 hxg6 15. Nxe5 Nxe5 16. Rxe5 Bd6 17. Re3 g5 18. Qf3 g4 19. hxg4 Nxg4 20. Re1 Rh7 21. Bf4 Bxf4 22. Qxf4 Rdh8 23. f3 Rh4 24. fxg4 Rxg4 25. Qf3 Rh6 26. Qf5 Re6 27. Rxe6 Qxe6 28. Qxe6+ fxe6 29. Kf2 g5 30. Re1 Rf4+ 31. Ke3 Kd7 32. Ne4 b6 33. Rg1 c6 34. Nxg5 e5 35. Nf3 c5 36. Nxe5+ 1-0